 Dungeon Crawl Stone Soup version 0.28-a0-1506-g3893175d92 (webtiles) character file.

Game seed: 13184518449711434453

3 murtidash the Sneak (level 1, 0/20 HPs)
             Began as a Hill Orc Delver on Jan 13, 2022.
             Was an Initiate of Yredelemnul.
             Killed from afar by an orc wizard (9 damage)
             ... with a puff of flame
             ... on level 4 of the Dungeon.
             The game lasted 00:01:17 (252 turns).

murtidash the Sneak (Hill Orc Delver)                Turns: 252, Time: 00:01:17

Health: 0/20       AC:  3    Str: 14    XL:     1   Next: 50%
Magic:  1/1        EV: 11    Int: 10    God:    Yredelemnul [......]
Gold:   36         SH:  0    Dex: 12    Spells: 0/0 levels left

rFire   . . .      SeeInvis .   a - +0 hand axe
rCold   . . .      Faith    .   (no shield)
rNeg    . . .      Spirit   .   b - +0 leather armour
rPois   .          Reflect  .   (no helmet)
rElec   .          Harm     .   (no cloak)
rCorr   .          Rampage  .   (no gloves)
Will    .....                   (no boots)
Stlth   ++........              (no amulet)
HPRegen 0.06/turn               (no ring)
MPRegen 0.07/turn               (no ring)

@: no status effects
A: no striking features
a: Renounce Religion, Recall Undead Harvest


You were on level 4 of the Dungeon.
You worshipped Yredelemnul.
Yredelemnul was noncommittal.
You visited 2 branches of the dungeon, and saw 4 of its levels.

You collected 36 gold pieces.

Inventory:

Hand Weapons
 a - a +0 hand axe (weapon)
Armour
 b - a +0 leather armour (worn)
Magical Staves
 h - a staff of earth
   (You found it on level 5 of the Dungeon)
Wands
 g - a wand of digging (3)
Scrolls
 c - 2 scrolls of fog
 d - a scroll of magic mapping {!r}
 e - a scroll of fear
 i - a scroll of immolation {unknown}
Potions
 f - a potion of haste


   Skills:
 + Level 3.7 Fighting
 + Level 2.8 Axes
 + Level 0.3 Armour
 - Level 1.5 Dodging
 - Level 4.1 Stealth


You couldn't memorise any spells.
You didn't know any spells.
Your spell library was empty.

Dungeon Overview and Level Annotations

Branches:
Dungeon (5/15)             Temple (1/1) D:4

Altars:
Qazlal
Ru
Yredelemnul


Message History

Options error: Bad channel -- rotten_meat (~/.crawlrc:3878) Options error: Bad object type '%}\|' for autopickup. (~/.crawlrc:6568) Welcome, murtidash the Hill Orc Delver.
Will you prevail where others failed? Will you find the Orb of Zot?
Found a stone staircase leading down.
Lua error: attempt to yield across metamethod/C-call boundary
c - 2 scrolls of fog (gained 1)
You now have 13 gold pieces.
Found a stone staircase leading up.
h - a staff of earth
i - a scroll labelled ZIBRIU CIBRO You now have 26 gold pieces (gained 13).
There is a stone staircase leading up here.
You climb upwards.
There is a stone staircase leading down here.
A quokka and an endoplasm come into view.
A scorpion comes into view.
The endoplasm quivers.
You now have 36 gold pieces (gained 10).
You hit the endoplasm. The endoplasm closely misses you.
You hit the endoplasm.
You kill the endoplasm!
Health restored: 20 A ball python comes into view.
The helpless ball python fails to defend itself.
You hit the ball python.
You kill the ball python!
Found a stone staircase leading up.
An orc wizard comes into view. It is wielding a +0 dagger.
The orc wizard points at you and mumbles some strange words.
The magic dart hits you.
You take 5 damage, and have 15/20 hp.
MASSIVE DAMAGE!!
Found a stone staircase leading down.
Found a staircase to the Ecumenical Temple.
There is a stone staircase leading up here.
You climb upwards.
There is a stone staircase leading down here.
The ball python hisses angrily.
The ball python bites you but does no damage.
The ball python grabs you. The ball python constricts you.
The ball python barely misses you. The ball python constricts you.
You take 2 damage, and have 14/20 hp.
You hit the ball python.
You kill the ball python! 4 orcs come into view.
The orc shouts! x3; You hear a shout!
There is a stone staircase leading down here.
You climb downwards.
There is a stone staircase leading up here.
There is a staircase to the Ecumenical Temple here.
You climb downwards.
Welcome to the Ecumenical Temple!
Found three altars.
There is a staircase back to the Dungeon here.
There is a basalt altar of Yredelemnul here.
You kneel at the altar of Yredelemnul.
Yredelemnul welcomes you!
You can now reap souls.
You can now recall your undead harvest.
There is a staircase back to the Dungeon here.
You start resting.
Health restored: 20 You climb upwards.
There is a staircase to the Ecumenical Temple here.
You hit the orc wizard but do no damage.
The orc wizard gestures at you while chanting.
The magic dart hits you. The orc wizard completely misses you.
You take 5 damage, and have 15/20 hp.
MASSIVE DAMAGE!!
You hit the orc wizard but do no damage.
The orc wizard closely misses you.
You hit the orc wizard.
The orc wizard hits you with a +0 dagger.
You take 2 damage, and have 13/20 hp.
You closely miss the orc wizard. The orc wizard misses you.
You barely miss the orc wizard. The orc wizard misses you.
You hit the orc wizard. The orc wizard casts a spell at you.
You are confused.
You barely miss the orc wizard.
The orc wizard hits you with a +0 dagger.
You take 2 damage, and have 11/20 hp.
You miss the orc wizard.
The orc wizard hits you with a +0 dagger.
The orc wizard gestures at you while chanting.
You resist with significant effort.
You take 1 damage, and have 10/20 hp.
Okay, then.
You bump into the rock wall.
The orc wizard hits you but does no damage.
You're too confused to move!
The orc wizard hits you with a +0 dagger.
You take 1 damage, and have 10/20 hp.
You bump into the rock wall.
The orc wizard hits you with a +0 dagger.
You take 1 damage, and have 9/20 hp.
You feel less confused. The orc wizard closely misses you.
You closely miss the orc wizard. Your punch misses the orc wizard.
The orc wizard gestures at you while chanting.
The puff of flame hits you!
You die...
Your body rises from the dead as a mindless zombie.

#.... #.# #.#
##+########.#
#...........#
+.....#######
#.....#
#.<...######
.#.....##...#
..........o@>.#
....#....##....#
.....#.#####...##
.>o. #. ##### ...
#. ..# #.


You could see an orc wizard.

Vanquished Creatures
  An endoplasm (D:4)
  2 ball pythons
3 creatures vanquished.

Notes
Turn   | Place    | Note
-------+----------+-------------------------------------------
     0 | D:5      | murtidash the Hill Orc Delver began the quest for the Orb.
     0 | D:5      | Reached XP level 1. HP: 19/19 MP: 1/1
    44 | D:4      | Noticed a scorpion
   126 | D:4      | Noticed an orc wizard
   129 | D:4      | Found a staircase to the Ecumenical Temple.
   155 | Temple   | Entered the Ecumenical Temple
   159 | Temple   | Became a worshipper of Yredelemnul the Dark
   252 | D:4      | Killed from afar by an orc wizard

Illustrated notes

Levels and vault maps discovered:
D:3:      layout_loops_corners, minmay_misc_feat_x
D:4:      layout_basic, kennysheep_little_box, minmay_temple_entry_butterflies,
          chequers_serial_rivers_micro_d, minmay_manual_mess, uniq_ijyb
D:5:      layout_loops_ring, corexii_corridor_pit, minivault_1,
          minmay_mini_ossuary, uniq_grinder
Temple:   kb_temple_of_zot

Action                   || total
-------------------------++-------
Melee: Hand axe          ||    13
 Stab: Sleeping          ||     1
Armor: Leather armour    ||     2
Dodge: Dodged            ||     7

Table legend: (Time is in decaauts)
 A = Elapsed time spent in this place.
 B = Non-inter-level travel time spent in this place.
 C = Inter-level travel time spent in this place.
 D = Time resting spent in this place.
 E = Time spent auto-exploring this place.
 F = Levels seen in this place.
 G = Mean time per level.
                   A        B        C        D        E       F      G
               +--------+--------+--------+--------+--------+-----+--------+
         Total |    253 |    253 |      0 |     68 |      0 |   4 |   63.2 |
       Dungeon |    175 |    175 |      0 |      0 |      0 |   3 |   58.3 |
        Temple |     78 |     78 |      0 |     68 |      0 |   1 |   78.0 |
               +--------+--------+--------+--------+--------+-----+--------+

Top non-repeatable levels by time:
     D:4: 118 daAuts
  Temple: 78 daAuts
     D:5: 42 daAuts
     D:3: 15 daAuts

Table legend:
 A = Kills in this place as a percentage of kills in entire the game.
 B = Kills by you in this place as a percentage of kills by you in the entire game.
 C = Kills by friends in this place as a percentage of kills by friends in the entire game.
 D = Other kills in this place as a percentage of other kills in the entire game.
 E = Experience gained in this place as a percentage of experience gained in the entire game.
 F = Experience gained in this place divided by the number of levels of this place that you have seen.
                   A       B       C       D       E      F
               +-------+-------+-------+-------+-------+----------------------
         Total | 100.0 | 100.0 |   N/A |   N/A | 100.0 |   1.2
       Dungeon | 100.0 | 100.0 |   N/A |   N/A | 100.0 |   1.7
               +-------+-------+-------+-------+-------+----------------------
